Map: Arctic Flowers LE

Players

Hunken

  • Race: Protoss Protoss
  • League: Master
  • Spawn Location: 7:00

rexob

  • Race: Protoss Protoss
  • Spawn Location: 7:00

Ekelpack - Winner!

  • Race: Zerg Zerg
  • Spawn Location: 1:00

Nyck - Winner!

  • Race: Terran Terran
  • Spawn Location: 1:00

VOD

Have the link to the VOD?

Description

Time

  • Played on: Dec. 18, 2024, 3:40 p.m.
  • Length: 12:13
Show
View Real Time Build Order
Export as new Build Order

Hunken Protoss 

Build Orders: 1 Gate Expand 

Get SALT Encoding   

  12  0:00  Probe  
  13  0:13  Pylon  
  13  0:14  Probe  
  14  0:22  Probe  
  15  0:32  Probe  
  16  0:44  Probe  
  16  0:47  Gateway  
  17  0:55  Assimilator  
  17  0:56  Probe  
  18  1:08  Probe  
  19  1:20  Probe  
  20  1:28  Nexus  
  20  1:32  Probe  
  21  1:36  Pylon  
  21  1:40  Probe  
  22  1:48  Probe  
  22  1:54  Cybernetics Core  
  23  1:59  Probe  
  23  2:01  Assimilator  
  24  2:14  Warp Gate  
  26  2:21  Gateway  
  26  2:30  Stalker  
  26  2:36  Probe  
  27  2:41  Gateway  
  27  2:48  Probe  
  28  2:52  Gateway  
  27  3:04  Stalker  
  27  3:11  Probe  
  30  3:23  Probe  
  30  3:24  Probe  
  32  3:33  Twilight Council  
  32  3:34  Probe  
  32  3:36  Probe  
  32  3:38  Pylon  
  34  3:42  Probe  
  34  3:43  Pylon  
  35  3:49  Pylon  
  35  3:50  Probe  
  35  3:51  Assimilator  
  36  3:56  Charge  
  36  3:57  Probe  
  36  4:02  Probe  
  37  4:09  Gateway, Probe  
  39  4:12  Forge  
  39  4:21  Probe  
  40  4:26  Probe  
  41  4:32  Stalker x2  
  41  4:33  Stalker  
  41  4:34  Protoss Ground Weapons Level 1, Probe  
  41  4:38  Probe  
  49  4:45  Pylon  
  49  4:49  Zealot  
  49  4:52  Probe  
  52  5:00  Probe  
  53  5:08  Stalker x3, Probe  
  53  5:09  Stalker  
  62  5:19  Zealot  
  62  5:20  Probe  
  65  5:32  Probe  
  65  5:34  Robotics Facility  
  66  5:37  Photon Cannon  
  65  5:44  Zealot x3  
  65  5:45  Probe, Photon Cannon  
  72  5:51  Photon Cannon  
  72  5:57  Probe  
  73  6:25  Pylon  
  73  6:29  Pylon  
  73  6:30  Stalker x2  
  77  6:46  Blink  
  76  6:48  Observer  
  76  6:50  Stalker x3  
  83  6:56  Immortal  
  83  6:57  Probe  
  83  6:58  Protoss Ground Weapons Level 2  
  84  7:02  Probe  
  84  7:05  Assimilator  
  89  7:09  Photon Cannon  
  89  7:11  Photon Cannon  
  89  7:14  Probe  
  89  7:15  Photon Cannon  
  90  7:22  Stalker  
  90  7:23  Stalker  
  82  8:22  Zealot x2  
  82  8:23  Zealot x3  
  74  8:34  Gateway, Probe  
  62  8:35  Gateway  
  62  8:37  Gateway  
  62  8:39  Templar Archives  
  63  8:46  Probe  
  64  8:58  Stalker x2  
  64  8:59  Stalker x3  
  74  9:03  Nexus  
  74  9:06  Pylon  
  74  9:08  Immortal  
  70  9:10  Pylon  
  70  9:23  Protoss Ground Armor Level 1  
  70  9:24  Probe  
  75  9:30  Photon Cannon  
  75  9:32  Photon Cannon  
  75  9:34  Photon Cannon  
  75  9:35  Photon Cannon  
  75  9:36  Probe  
  75  9:37  Photon Cannon  
  76  9:40  Photon Cannon  
  76  9:43  Photon Cannon  
  56  9:47  Immortal  
  60  9:56  Zealot x2  
  60  9:57  Zealot x5  
  56  10:28  Stalker x2  
  58  10:29  Stalker x4  
  58  10:30  Stalker, Zealot  
  71  10:52  High Templar x3  
  71  10:53  Nexus, High Templar x3  
  71  10:54  High Templar x2  
  87  10:57  Archon x2  
  87  10:58  Archon x2  
Show
View Real Time Build Order
Export as new Build Order

rexob Protoss 

Build Orders: Oracle Opening 

Get SALT Encoding   

  1  0:00  Probe  
  13  0:07  Probe  
  14  0:16  Probe  
  15  0:23  Pylon  
  15  0:33  Assimilator  
  15  0:41  Probe  
  16  0:47  Gateway  
  16  0:53  Probe  
  17  1:01  Probe  
  17  1:02  Gateway  
  17  1:09  Probe  
  19  1:19  Probe  
  20  1:31  Probe  
  21  1:37  Cybernetics Core  
  21  1:46  Probe  
  22  1:58  Probe  
  23  2:03  Nexus  
  23  2:05  Warp Gate  
  23  2:11  Probe  
  23  2:14  Pylon  
  23  2:31  Stalker x2  
  27  2:37  Probe  
  27  2:42  Assimilator  
  28  2:50  Stargate  
  28  2:56  Probe  
  29  3:00  Pylon  
  29  3:08  Probe  
  30  3:20  Probe  
  30  3:22  Probe  
  32  3:32  Oracle  
  32  3:33  Probe  
  33  3:34  Pylon  
  33  3:35  Probe  
  37  3:44  Gateway  
  37  3:45  Probe  
  37  3:47  Forge, Probe  
  39  3:56  Probe  
  39  3:57  Probe  
  41  4:04  Probe  
  41  4:06  Pylon  
  41  4:09  Assimilator, Protoss Ground Weapons Level 1, Probe  
  43  4:25  Twilight Council  
  43  4:31  Pylon  
  43  4:34  Probe x2  
  45  4:46  Probe x2  
  45  4:51  Blink  
  47  4:58  Probe x2  
  47  4:59  Oracle  
  52  5:02  Zealot x3  
  58  5:14  Probe x2  
  58  5:15  Nexus  
  58  5:18  Pylon  
  58  5:20  Pylon  
  60  5:33  Stalker x3  
  60  5:35  Probe x2  
  65  5:50  Photon Cannon  
  65  5:53  Photon Cannon  
  64  5:59  Stalker, Protoss Shields Level 1  
  64  6:00  Stalker x2  
  64  6:03  Gateway  
  70  6:06  Probe x2  
  72  6:18  Probe x2  
  72  6:24  Forge  
  74  6:30  Probe x2  
  75  6:56  Stalker x3  
  75  6:59  Gateway  
  81  7:01  Probe  
  81  7:03  Gateway  
  81  7:04  Gateway, Probe x2  
  81  7:06  Protoss Ground Weapons Level 2  
  84  7:10  Probe  
  84  7:14  Assimilator  
  85  7:16  Probe x2  
  85  7:17  Pylon  
  85  7:20  Pylon  
  87  7:24  Charge  
  87  7:25  Assimilator  
  87  7:28  Probe x2  
  89  7:36  Photon Cannon  
  89  7:41  Photon Cannon  
  89  7:42  Zealot x3  
  95  7:44  Assimilator  
  95  7:47  Gateway  
  85  8:21  Stalker x3  
  85  8:22  Stalker x4  
  87  8:47  Zealot  
  87  8:48  Zealot x5  
  93  8:51  Stalker x2  
  93  8:55  Phoenix, Probe x3  
  106  9:07  Protoss Shields Level 2, Probe  
  109  9:13  Dark Shrine  
  109  9:23  Pylon  
  109  9:25  Pylon  
  109  9:28  Gateway  
  109  9:29  Gateway  
  109  9:31  Gateway  
  109  9:32  Pylon  
  109  9:34  Pylon  
  109  9:35  Pylon  
  109  9:41  Probe x3, Phoenix  
  114  9:46  Stalker x3  
  114  9:47  Gateway  
  114  9:53  Probe  
  93  10:06  Phoenix  
  93  10:09  Zealot x3  
  93  10:10  Zealot x2  
  86  10:20  Zealot x2  
  55  10:30  Phoenix  
  57  10:40  Stalker x3, Zealot x3  
  57  10:41  Zealot  
  71  10:47  Phoenix  
  73  11:04  Dark Templar x3  
  77  11:10  Nexus  
  59  11:30  Dark Templar  
  59  11:31  Dark Templar x2  
  59  11:32  Dark Templar x3  
  53  11:56  Dark Templar x2  
  53  11:57  Dark Templar x2  
Show
View Real Time Build Order
Export as new Build Order

Ekelpack Zerg - Winner!

Build Orders: Hatch First 

Get SALT Encoding   

  12  0:00  Drone  
  13  0:12  Overlord  
  13  0:18  Drone  
  14  0:31  Drone  
  15  0:41  Drone  
  16  0:48  Hatchery  
  15  0:51  Drone  
  16  1:05  Spawning Pool  
  16  1:08  Drone  
  16  1:11  Extractor  
  15  1:13  Drone  
  15  1:17  Drone  
  17  1:21  Drone  
  18  1:30  Drone  
  19  1:40  Drone  
  20  1:52  Queen  
  22  1:59  Overlord  
  22  2:03  Drone  
  23  2:09  Queen  
  23  2:13  Drone  
  23  2:15  Drone  
  27  2:24  Drone  
  28  2:30  Lair  
  28  2:34  Drone  
  28  2:35  Drone x2  
  31  2:42  Extractor  
  31  2:43  Drone  
  31  2:45  Drone, Extractor  
  31  2:46  Drone  
  32  2:55  Drone  
  33  3:00  Drone  
  33  3:02  Drone x2  
  36  3:05  Overlord  
  36  3:18  Overlord  
  36  3:22  Drone, Extractor  
  36  3:30  Spire  
  36  3:32  Drone x2  
  36  3:33  Drone  
  38  3:39  Metabolic Boost  
  38  3:47  Drone  
  39  3:49  Drone x2  
  39  3:50  Drone  
  39  3:53  Overlord  
  39  3:54  Overlord  
  42  3:59  Drone x3  
  45  4:09  Overlord x2  
  45  4:45  Mutalisk x6  
  49  4:46  Mutalisk x3  
  49  4:47  Mutalisk  
  65  5:02  Zerg Flyer Weapons Level 1  
  65  5:08  Hatchery  
  65  5:10  Zergling x14  
  71  5:27  Infestation Pit  
  70  5:35  Queen  
  72  5:48  Zergling x10  
  77  5:58  Mutalisk x3  
  77  6:00  Overlord x3  
  83  6:05  Hive  
  83  6:12  Drone  
  84  6:26  Mutalisk  
  84  6:27  Mutalisk  
  88  6:49  Mutalisk x2  
  88  6:50  Overlord, Mutalisk x2  
  88  6:51  Zergling x4  
  88  6:52  Zergling x4, Overlord x3  
  100  6:54  Pneumatized Carapace  
  100  7:21  Drone x4  
  100  7:22  Drone x3  
  107  7:23  Overlord x2  
  107  7:29  Evolution Chamber  
  106  7:30  Ultralisk Cavern  
  106  7:34  Evolution Chamber  
  106  7:36  Drone x5  
  105  7:57  Zergling x4  
  90  8:20  Ultralisk x3  
  90  8:22  Zergling x8  
  97  8:37  Queen  
  99  8:43  Drone x2  
  101  8:50  Chitinous Plating, Zerg Melee Weapons Level 1  
  101  8:51  Zerg Ground Armor Level 1  
  101  9:01  Ultralisk  
  101  9:02  Ultralisk  
  113  9:05  Drone x5  
  113  9:07  Extractor  
  116  9:10  Extractor  
  115  9:39  Overlord x2  
  110  9:47  Zergling x6  
  110  9:49  Adrenal Glands  
  109  10:00  Zergling x2  
  109  10:01  Zergling x14  
  109  10:02  Zergling x12  
  109  10:03  Zergling x2  
  124  10:16  Ultralisk x2  
  120  10:25  Zergling x8  
  120  10:26  Zergling x10  
  120  10:38  Drone  
  120  10:42  Spore Crawler  
  119  10:53  Hatchery  
  117  11:10  Zergling x6, Ultralisk x2  
  117  11:11  Zergling x4  
  97  11:20  Zergling x10  
  97  11:21  Zergling x4  
  96  11:36  Drone  
  96  11:38  Drone  
  98  11:42  Drone  
  98  11:43  Drone x2  
Show
View Real Time Build Order
Export as new Build Order

Nyck Terran - Winner!

Build Orders: Reaper Expand 

Get SALT Encoding   

  12  0:00  SCV  
  13  0:12  SCV  
  14  0:17  Supply Depot  
  14  0:24  SCV  
  15  0:39  SCV  
  15  0:41  Barracks  
  16  0:49  Refinery  
  16  0:52  SCV  
  17  1:00  Barracks  
  17  1:04  SCV  
  18  1:16  SCV  
  19  1:19  Supply Depot  
  19  1:29  Orbital Command  
  19  1:33  Reaper  
  20  1:51  Barracks Reactor  
  20  2:12  SCV  
  20  2:13  Command Center  
  21  2:16  Barracks Reactor  
  21  2:23  Barracks  
  21  2:35  SCV  
  22  2:47  SCV  
  23  3:01  SCV  
  24  3:12  Barracks Tech Lab  
  24  3:13  SCV  
  24  3:14  Supply Depot  
  24  3:15  Marine x4  
  29  3:26  Refinery  
  28  3:29  Orbital Command  
  28  3:33  SCV  
  29  3:35  Marine x4  
  29  3:36  Marauder  
  29  3:37  Concussive Shells  
  29  3:41  Barracks  
  35  3:51  SCV  
  35  3:53  Marine x2  
  35  3:54  Marine x2  
  40  3:58  Marauder  
  40  4:00  SCV  
  43  4:03  SCV  
  44  4:12  SCV  
  44  4:15  SCV  
  46  4:19  Marauder  
  46  4:22  Refinery  
  48  4:24  SCV  
  48  4:27  Combat Shield, SCV  
  48  4:30  Engineering Bay  
  50  4:40  Barracks Reactor  
  50  4:43  Supply Depot  
  46  4:52  SCV x2  
  44  4:59  Missile Turret  
  44  5:03  Missile Turret  
  44  5:04  SCV x2  
  44  5:05  Marine, Refinery  
  44  5:06  Marine x3  
  52  5:07  Marauder  
  52  5:10  Terran Infantry Weapons Level 1  
  52  5:16  SCV x2  
  54  5:26  Marine x4  
  54  5:28  SCV x2  
  60  5:39  Factory  
  60  5:40  SCV x2  
  62  5:46  Stimpack  
  62  6:04  Supply Depot  
  62  6:06  Supply Depot  
  62  6:25  SCV x2, Marine x4  
  65  6:26  Marauder  
  65  6:27  Supply Depot  
  65  6:30  Armory  
  70  6:35  Starport  
  70  6:37  SCV x2  
  66  6:47  Marauder  
  66  6:50  SCV x2  
  69  6:55  Marine x4  
  73  7:02  SCV x2  
  77  7:08  Marauder  
  77  7:09  Terran Infantry Armor Level 1  
  77  7:14  SCV x2  
  79  7:26  SCV x2  
  81  7:43  Starport Reactor  
  81  7:46  SCV x2, Command Center  
  83  7:56  Marine, Marauder  
  83  7:57  Command Center  
  86  8:13  Marine  
  86  8:14  Marine  
  86  8:16  Marine  
  73  8:29  SCV x2  
  73  8:38  Marine x4, Marauder  
  79  8:41  SCV x2  
  81  8:53  SCV  
  81  8:54  SCV  
  83  9:05  Orbital Command, SCV  
  83  9:06  SCV  
  83  9:09  Orbital Command  
  85  9:15  Marine x4  
  85  9:16  Marauder  
  91  9:18  SCV x2  
  91  9:20  Medivac x2  
  91  9:22  Terran Infantry Weapons Level 2  
  97  9:25  Terran Vehicle And Ship Armor Level 1  
  97  9:30  SCV, Marine x2  
  100  9:32  SCV  
  100  9:33  SCV  
  100  9:36  SCV  
  103  9:40  Marine  
  103  9:41  Marine x3, Refinery  
  103  9:42  SCV, Marauder  
  103  9:44  SCV  
  103  9:45  SCV  
  112  9:48  SCV  
  97  10:21  Marine x3  
  97  10:22  Marine x2  
  97  10:23  Marauder  
  104  10:33  SCV x4  
  104  10:34  Marine  
  109  10:39  Marine  
  109  10:42  Medivac x2  
  114  10:44  Marauder  
  116  10:50  Starport  
  116  10:51  Starport  
  116  10:54  Starport  
  116  10:58  SCV x4  
  120  11:24  Marine x5  
  120  11:25  Marine  
  112  11:26  Marauder  
  109  11:42  Marine x2  
  109  11:45  Engineering Bay  
  109  11:46  SCV x4  
  115  11:47  Marauder  
  116  11:58  SCV x4, Refinery  
Tags
 
Add a new tag
Caveats
  • Supply blocks, unpowered buildings, or Contaminate may cause inaccurate times.
  • Supply counts are checked every 10 seconds.